 Dungeon Crawl Stone Soup version 0.31.0-11-ge490571c62 (webtiles) character file.

Game seed: 4082088446038213381

524 qw the Skirmisher (level 7, -2/40 HPs)
             Began as a Deep Elf Hunter on Feb 4, 2024.
             Slain by a gnoll sergeant
             ... wielding a +7 spear of pain
              (6 damage)
             ... on level 4 of the Dungeon.
             The game lasted 00:00:11 (1780 turns).

qw the Skirmisher (Deep Elf Hunter)                 Turns: 1780, Time: 00:00:11

Health: -2/40      AC:  5    Str: 10    XL:     7   Next: 2%
Magic:  9/9        EV: 13    Int: 14    God:
Gold:   226        SH:  0    Dex: 18    Spells: 6/6 levels left

rFire   . . .        a - +0 shortbow
rCold   . . .        (shield currently unavailable)
rNeg    . . .        i - +2 leather armour {Will+}
rPois   .            (no helmet)
rElec   .            (no cloak)
rCorr   .            (no gloves)
SInv    .            (no boots)
Will    +....        d - amulet of regeneration
Stlth   ++           (no ring)
HPRegen 1.06/turn    (no ring)
MPRegen 0.11/turn

%: no passive effects
@: about to teleport
A: no striking features
a: no special abilities


You were on level 4 of the Dungeon.
You visited 1 branch of the dungeon, and saw 4 of its levels.

You collected 226 gold pieces.


   Skills:
 - Level 2.1 Fighting
 + Level 10.2 Ranged Weapons
 - Level 4.0 Dodging
 - Level 1.2 Stealth


You had 6 spell levels left.
You didn't know any spells.
Your spell library was empty.

Inventory:

Hand Weapons
 a - a +0 shortbow (weapon)
Armour
 b - a +0 ring mail
 i - a +2 leather armour of willpower (worn)
Jewellery
 d - an amulet of regeneration (around neck)
Scrolls
 c - a scroll of identify
 l - a scroll of teleportation
Potions
 e - a potion of cancellation {unknown}
 f - a potion of might

Dungeon Overview and Level Annotations

Branches:
Dungeon (4/15)
 Temple: D:4-7

Altars:
The Shining One


Message History

The gnoll shouts!
The gnoll sergeant shouts!
The gnoll shouts! x2
Found a puce potion.
You shoot an arrow. The arrow hits the gnoll.
The gnoll is heavily wounded.
The gnoll closely misses you. The gnoll sergeant closely misses you.
You shoot an arrow. The arrow completely misses the gnoll.
The arrow hits the gnoll sergeant.
The gnoll sergeant is lightly wounded.
The gnoll sergeant hits you from afar with a +7 spear of pain!
You writhe in agony.
The gnoll closely misses you.
You shoot an arrow. The arrow hits the gnoll.
The gnoll is severely wounded.
The gnoll sergeant barely misses you. The gnoll hits you with a +0 club.
You shoot an arrow. The arrow hits the gnoll!
You kill the gnoll!
The gnoll sergeant hits you from afar with a +7 spear of pain!
Your Dodging skill increases to level 4!
You have reached level 7!
You shoot an arrow. The arrow hits the gnoll!
The gnoll is severely wounded.
The gnoll sergeant hits you from afar with a +7 spear of pain.
The gnoll misses you.
You shoot an arrow. The arrow barely misses the gnoll.
The arrow hits the gnoll sergeant but does no damage.
The gnoll sergeant is lightly wounded.
The gnoll barely misses you. The gnoll hits you with a +0 flail.
The gnoll sergeant closely misses you.
You shoot an arrow. The arrow hits the gnoll.
The gnoll is almost dead.
You shoot an arrow. The arrow hits the gnoll!
You kill the gnoll!
The gnoll hits you from afar with a +0 spear.
The gnoll sergeant hits you from afar with a +7 spear of pain!
You writhe in agony.
1780 ||| READING 2 scrolls of teleportation.
As you read the scroll of teleportation, it crumbles to dust.
You feel strangely unstable. The gnoll closely misses you. x2
The gnoll sergeant hits you from afar with a +7 spear of pain.
You die...

.... #..#
.......#..###
......>#..~~
#.....#..~#
#.....#..~## ###
#.....#..~~#g..#
#.....#...@gg.!#
#.#.....#..~~#g..#
#..........~## ###
####.#.####~##~
#.#...##~~~~
#)#...####.#
#.....# #.#
###..## #.# #..#
#.#


You could see a gnoll sergeant and 3 gnolls.

Vanquished Creatures
  Sigmund (D:3)
  A scorpion (D:4)
  A crimson imp (D:3)
  3 orc priests
  2 orc wizards
  2 gnolls (D:4)
  3 adders (D:3)
  A ribbon worm (D:2)
  3 orcs (D:3)
  3 endoplasms
  2 giant cockroaches (D:1)
  5 goblins
  5 hobgoblins
  7 jackals
  3 kobolds
  5 quokkas
  6 ball pythons
  3 bats
  3 frilled lizards
  3 goblin skeletons (D:3)
  2 goblin zombies (D:3)
  3 kobold zombies (D:3)
  2 orc skeletons (D:3)
  An orc zombie (D:3)
  9 rats
79 creatures vanquished.

Notes
Turn   | Place    | Note
-------+----------+-------------------------------------------
     0 | D:1      | qw the Deep Elf Hunter began the quest for the Orb.
     0 | D:1      | Reached XP level 1. HP: 12/12 MP: 3/3
     0 | D:1      | 0 ||| qw: Version: 0.3-a-160-g6735b56
     0 | D:1      | 0 ||| qw: Game counter: 4933
     0 | D:1      | 0 ||| qw: Melee chars always use a shield: true
     0 | D:1      | 0 ||| qw: God list: Okawaru
     0 | D:1      | 0 ||| qw: Allow faded altars: false
     0 | D:1      | 0 ||| qw: Do Orc after clearing Dungeon:15 true
     0 | D:1      | 0 ||| qw: Do second Lair branch before Depths: true
     0 | D:1      | 0 ||| qw: Lair rune preference: random
     0 | D:1      | 0 ||| qw: Goals: Normal
     0 | D:1      | 0 ||| PLANNING D:1-11
    23 | D:1      | Found a faded altar of an unknown god.
   107 | D:1      | Reached XP level 2. HP: 16/16 MP: 4/4
   114 | D:1      | Reached skill level 6 in Ranged Weapons
   558 | D:1      | 558 ||| UPGRADING to amulet of regeneration.
   563 | D:1      | 563 ||| READING scroll labelled BATHOMEROQU.
   564 | D:1      | 564 ||| READING scroll labelled DELEMI TAGGO.
   569 | D:1      | 569 ||| DROPPING scroll of butterflies.
   620 | D:2      | Reached XP level 3. HP: 20/20 MP: 5/5
   983 | D:2      | 983 ||| UPGRADING to +2 leather armour of willpower.
   993 | D:2      | 993 ||| DROPPING +0 leather armour.
   994 | D:2      | 994 ||| DROPPING ring of wizardry.
   995 | D:2      | 995 ||| READING scroll labelled VIYTI REHE.
   996 | D:2      | 996 ||| READING 3 scrolls labelled WUGUDIUGROF.
   996 | D:2      | 996 ||| IDENTIFYING cyan potion
   997 | D:2      | 997 ||| READING 2 scrolls of identify.
   997 | D:2      | 997 ||| IDENTIFYING white potion
   998 | D:2      | 998 ||| READING scroll of identify.
   998 | D:2      | 998 ||| IDENTIFYING bubbling white potion
   999 | D:2      | 999 ||| READING scroll labelled CEHEZX YSSEKK.
  1100 | D:2      | 1100 ||| DRINKING 2 fizzy pink potions.
  1101 | D:2      | 1101 ||| DROPPING potion of degeneration.
  1102 | D:2      | 1102 ||| DROPPING potion of lignification.
  1127 | D:3      | 1127 ||| STAIRDANCE
  1132 | D:2      | 1132 ||| DRINKING potion of curing.
  1132 | D:2      | 1132 ||| (to cure confusion)
  1136 | D:2      | Reached skill level 7 in Ranged Weapons
  1136 | D:2      | Reached XP level 4. HP: 25/25 MP: 6/6
  1138 | D:3      | 1138 ||| STAIRDANCE
  1143 | D:3      | 1143 ||| STAIRDANCE
  1155 | D:3      | 1155 ||| STAIRDANCE
  1174 | D:3      | Reached skill level 8 in Ranged Weapons
  1292 | D:3      | Reached XP level 5. HP: 29/29 MP: 7/7
  1327 | D:3      | Reached skill level 9 in Ranged Weapons
  1383 | D:3      | Reached skill level 3 in Dodging
  1394 | D:3      | Reached XP level 6. HP: 35/35 MP: 8/8
  1394 | D:3      | Found a glowing golden altar of the Shining One.
  1500 | D:3      | Noticed Sigmund
  1517 | D:3      | Killed Sigmund
  1518 | D:3      | Reached skill level 10 in Ranged Weapons
  1776 | D:4      | Reached XP level 7. HP: 19/40 MP: 9/9
  1779 | D:4      | HP: 4/40 [gnoll sergeant/+7 spear of pain (7)]
  1780 | D:4      | 1780 ||| READING 2 scrolls of teleportation.
  1780 | D:4      | Slain by a gnoll sergeant

Levels and vault maps discovered:
D:1:      saegor_arrival_miasma, layout_basic,
          hellmonk_ecumenical_altar_run_dry, st_stairs_9
D:2:      layout_rooms
D:3:      layout_basic, nicolae_tso_besieged_by_evil, uniq_sigmund
D:4:      minmay_polygon_palace, layout_basic, serial_shops, shop,
          kennysheep_cluttered_room, lightli_minifort

Skill      XL: |  1  2  3  4  5  6 |
---------------+-------------------+-----
Ranged Weapons | 6 7 8 9 10 | 10.2
Dodging        | 3 4 |  4.0
Fighting       | 2 |  2.1
Stealth        | |  1.2

Action                     |  1- 3 |  4- 6 |  7- 9 || total
---------------------------+-------+-------+-------++-------
   Fire: Shortbow          |   128 |   158 |     4 ||   290
    Use: Scroll            |     7 |       |     1 ||     8
         Potion            |     2 |       |       ||     2
 Armour: Leather armour    |    22 |    45 |     5 ||    72
  Dodge: Dodged            |    31 |    44 |     5 ||    80

Table legend:
 A = Non-vault XP
 B = Vault XP
 C = Vault XP percentage of total XP
 D = Non-vault monster count
 E = Vault monster count
 F = Vault count percentage of total count
                 A         B        C        D         E       F
            +---------+---------+-------+---------+---------+-------
      Total |     413 |     336 |  44.9 |      60 |      19 |  24.1
            +---------+---------+-------+---------+---------+-------
        D:1 |      26 |       4 |  13.3 |      16 |       4 |  20.0
        D:2 |     114 |       0 |   0.0 |      23 |       0 |   0.0
        D:3 |     186 |     304 |  62.0 |      20 |      13 |  39.4
        D:4 |      87 |      28 |  24.3 |       1 |       2 |  66.7
            +---------+---------+-------+---------+---------+-------
